 Dungeon Crawl Stone Soup version bcrawl-1.22 (webtiles) character file.

Game seed: 1231483339939299741

43 Morbidden the Vexing (level 3, -1/20 HPs)
             Began as an Avariel Arcane Marksman on May 21, 2020.
             Slain by Sigmund
             ... wielding a cursed -2 scythe
              (8 damage)
             ... on level 2 of the Dungeon.
             The game lasted 00:04:31 (1498 turns).

Morbidden the Vexing (Avariel Arcane Marksman)      Turns: 1498, Time: 00:04:32

Health: -1/20      AC:  2    Str:  8    XL:     3   Next: 58%
Magic:  4/9        EV: 12    Int: 19    God:
Gold:   46         SH:  0    Dex: 13    Spells: 5/8 levels left

rFire    . . .     SeeInvis .   b - +2 dagger (venom)
rCold    . . .     Gourm    .   (no shield)
rNeg     . . .     Faith    .   c - +0 robe
rPois    .         Spirit   .   (no helmet)
rElec    .         Reflect  .   (no cloak)
rCorr    .         Harm     .   (no gloves)
MR       .....                  (no boots)
Stlth    +.........             (no amulet)
HPRegen  0.06/turn              (no ring)
MPRegen  0.11/turn              (no ring)

@: no status effects
A: no striking features
a: no special abilities


You were on level 2 of the Dungeon.
You were not hungry.

You visited 1 branch of the dungeon, and saw 2 of its levels.

You collected 46 gold pieces.

Inventory:

Hand Weapons
 a - a +1 shortbow
 b - a +2 dagger of venom (weapon)
Missiles
 f - 291 arrows
Armour
 c - a +0 robe (worn)
Scrolls
 g - a scroll of remove curse {unknown}
 j - a scroll of identify {unknown}
 k - a scroll of immolation {unknown}
 l - a scroll of noise {unknown}
Potions
 d - a potion of curing {unknown}
 i - a potion of mutation {unknown}
Comestibles
 e - 5 rations {!d}


   Skills:
 + Level 1.0 Fighting
 + Level 3.1 Bows
 + Level 2.2 Dodging
 + Level 3.4 Spellcasting
 + Level 4.4 Hexes


You had 5 spell levels left.
You knew the following spells:

 Your Spells              Type           Power        Failure   Level  Hunger
a - Shackle               Hex            ###.....     3%          2    ##.....
b - Corona                Hex            ###....      2%          1    None

Your spell library contained the following spells:

 Spells                   Type           Power        Failure   Level  Hunger
 False Image              Hex/Summ       ##......     19%         3    ###....
 Inner Flame              Hex/Fire       N/A          19%         3    ###....
 Cause Fear               Hex            ###.......   24%         4    ####...
 Yara's Violent Unravell  Hex/Tmut       ##........   52%         4    ####...


Dungeon Overview and Level Annotations

Branches:
Dungeon (2/12)

Altars:

Annotations:
D:2 Sigmund


Message History

You feel less confused. Sigmund completely misses you.
Unknown command.
Casting: Shackle (safe; 3% risk of failure)
Confirm with . or Enter, or press ? or * to list all spells.
Aiming: Shackle (safe; 3% risk of failure)
Press: ? - help, Shift-Dir - straight line, f/p - Sigmund
Aim: Sigmund, wielding a -2 scythe and wearing a +0 robe (lightly wounded, poisoned, chance to defeat MR: 67%) Sigmund is shackled.
You hit Sigmund.
Sigmund looks more poisoned.
Sigmund is lightly wounded.
Sigmund hits you with a cursed -2 scythe.
You hit Sigmund.
Sigmund looks more poisoned.
Sigmund is moderately wounded.
Sigmund casts a spell.
Sigmund flickers and vanishes!
Deactivating autopickup; reactivate with Ctrl-A.
Unknown command.
Something hits you!
You die...

#.## #.#
###############.#
#...............#
#.####.###.##.....
#.# #.# #.##.###.
#.# #.# #.##.# .
#.# #># #.##.# #@#
#.# #.##.. #.# #.#
#..... #{# #..
.....# #.# ### ###
#.# #.# #.# #.#
######.#


There were no monsters in sight!

Vanquished Creatures
  A worm (D:2)
  2 dart slugs
  2 leopard geckos (D:1)
  An orc (D:2)
  5 bats
  5 hobgoblins
  A quokka (D:2)
  4 frilled lizards
  3 goblins (D:1)
  6 kobolds
  A quokka skeleton (D:2)
  5 rats
36 creatures vanquished.

Notes
Turn   | Place    | Note
-------+----------+-------------------------------------------
     0 | D:1      | Morbidden the Avariel Arcane Marksman began the quest for
                  | the Orb.
     0 | D:1      | Reached XP level 1. HP: 11/11 MP: 6/6
    14 | D:1      | Reached skill level 4 in Hexes
   122 | D:1      | Reached XP level 2. HP: 16/16 MP: 5/7
   421 | D:1      | Reached skill level 1 in Fighting
   980 | D:1      | Learned a level 2 spell: Shackle
  1015 | D:1      | Reached XP level 3. HP: 20/20 MP: 7/9
  1453 | D:2      | Noticed Sigmund
  1498 | D:2      | Slain by Sigmund

Skill      XL: |  1  2  3 |
---------------+----------+-----
Hexes          | 4 |  4.4
Spellcasting   | 3 |  3.4
Fighting       | 1 |  1.0
Bows           | 3 |  3.1
Dodging        | |  2.2

Action                   || total
-------------------------++-------
Melee: Dagger            ||     6
 Fire: Shortbow          ||    80
 Cast: Corona            ||    17
       Shackle           ||    12
  Eat: Chunk             ||     2
Armor: Robe              ||     6
Dodge: Dodged            ||    18
